 Dungeon Crawl Stone Soup version 0.30.0-29-ga12c61a403 (webtiles) character file.

Game seed: 16337088729652621662

9000 qw the Blocker (level 11, 0/67 HPs)
             Began as a Gargoyle Fighter on June 2, 2023.
             Was a Priest of Okawaru.
             Shot with a bolt by a tengu warrior (10 damage)
             ... on level 10 of the Dungeon.
             The game lasted 00:04:27 (8802 turns).

qw the Blocker (Gargoyle Fighter)                   Turns: 8802, Time: 00:04:28

Health: 0/67       AC: 27    Str: 25    XL:     11   Next: 39%
Magic:  13/14      EV: 13    Int:  8    God:    Okawaru [***...]
Gold:   572        SH: 18    Dex:  9    Spells: 10/10 levels left

rFire   . . .        g - +4 morningstar
rCold   . . .        q - +0 tower shield
rNeg    + . .        c - +0 plate armour
rPois   inf          b - +2 hat
rElec   +            (no cloak)
rCorr   .            n - +1 pair of gloves
SInv    .            (no boots)
Will    .....        (no amulet) Stlth
                     j - +5 ring of evasion
HPRegen 0.31/turn    (no ring)
MPRegen 0.14/turn

%: no passive effects
@: heroic
A: sickness immunity, AC +8, negative energy resistance 1, electricity
resistance, torment resistance 1, petrification resistance
a: Renounce Religion, Heroism


You were on level 10 of the Dungeon.
You worshipped Okawaru.
Okawaru was most pleased with you.
You visited 1 branch of the dungeon, and saw 10 of its levels.

You collected 572 gold pieces.


Innate Abilities, Weirdness & Mutations

You are immune to sickness and miasma.
Your stone body is resilient. (AC +8)
You are immune to poison.
You resist negative energy. (rN+)
You are resistant to electric shocks. (rElec)
You are resistant to unholy torment.
You are immune to petrification.


   Skills:
 - Level 7.4(12.4) Fighting
 - Level 10.0(15.0) Axes
 - Level 1.6(6.6) Throwing
 + Level 5.0(10.0) Armour
 - Level 2.6(7.6) Dodging
 - Level 12.0(17.0) Shields
 - Level 4.0 Invocations


You had 10 spell levels left.
You didn't know any spells.
Your spell library was empty.

Inventory:

Hand Weapons
 g - a +4 morningstar (weapon)
 Y - a +5 war axe
Missiles
 f - 7 boomerangs (quivered)
Armour
 b - a +2 hat (worn)
 c - a +0 plate armour (worn)
 l - a +0 pair of boots
 n - a +1 pair of gloves (worn)
 o - +0 acid dragon scales
 q - a +0 tower shield (worn)
 t - the +1 buckler "Kuluzumo" {rCorr Str+3}
   (You acquired it on level 9 of the Dungeon)

   Str:       It affects your strength (+3).
   rCorr:     It protects you from acid and corrosion.
Jewellery
 j - a +5 ring of evasion (left hand)
Scrolls
 h - 3 scrolls of teleportation
 i - a scroll of identify
Potions
 a - 3 potions of haste
 d - 2 potions of might
 e - a potion of magic
 k - a potion of attraction
 m - 2 potions of resistance
 p - a potion of mutation {unknown}
 r - 2 potions of lignification
 s - a potion of ambrosia {unknown}
 w - a potion of berserk rage {unknown}

Dungeon Overview and Level Annotations

Branches:
Dungeon (10/15)            Temple (0/1) D:7
   Lair: D:8-11         Orc: D:9-12

Altars:
Cheibriados
Dithmenos
Fedhas
Gozag
Hepliaklqana
Kikubaaqudgha
Okawaru
Ru
Sif Muna
Vehumet
Zin
The Shining One

Shops:
D:7 *

Portals:
Bailey: D:8

Annotations:
D:3 1 runed translucent door, Crazy Yiuf
D:6 3 runed translucent doors, qw's ghost, novice GrFi


Message History

The tengu warrior shoots a bolt.
The bolt hits you but does no damage.
The death knight calls down the wrath of Yredelemnul upon you.
You struggle to resist.
You barely miss the death knight.
The tengu warrior shoots a bolt.
You block the bolt. You block the death knight's attack.
You closely miss the death knight.
The tengu warrior shoots a bolt.
The bolt hits you.
The death knight hits you but does no damage.
You slash the death knight!
The death knight is lightly wounded.
The death knight reflects your damage back at you!
The tengu warrior shoots a bolt.
The bolt hits you but does no damage.
You hit the death knight but do no damage.
The death knight is lightly wounded.
The death knight's dark mirror aura disappears.
The death knight closely misses you.
You hit the death knight.
The death knight is lightly wounded.
The tengu warrior shoots a bolt.
You block the bolt. You block the death knight's attack.
You slice the death knight!!
The death knight is moderately wounded.
The tengu warrior shoots a bolt.
The bolt closely misses you.
The death knight hits you with a +0 battleaxe.
You hit the death knight.
The death knight is heavily wounded.
The tengu warrior shoots a bolt.
You block the bolt.
The death knight drinks a potion.
The death knight seems to speed up.
8802 ||| SWAPPING to +4 morningstar.
g - a +4 morningstar (weapon)
The eight-headed hydra closely misses you.
You block the eight-headed hydra's attack. x2
The eight-headed hydra bites you but does no damage.
You block the eight-headed hydra's attack. x2
The eight-headed hydra bites you but does no damage.
The eight-headed hydra completely misses you.
The death knight hits you with a +0 battleaxe!
The tengu warrior shoots a bolt.
The bolt hits you!
You die...

#.......'...................##
###.....#...................#
#.....#..................##
#.....#................###
#.....#..............###
#.....#............###
#######..........###
............Q##
.........@.##'..
..........Dp..#
.######.........# #...........
#........... #...........
##.##+#####. #.


You could see a death knight (fast), an eight-headed hydra and a tengu warrior.

Vanquished Creatures
  A two-headed ogre (D:10)
  Pikel (D:5)
  Maggie (D:9)
  An efreet (D:10)
  2 trolls
  Grinder (D:6)
  Prince Ribbit (D:5)
  Sigmund (D:4)
  3 wraiths
  8 yaks
  Edmund (D:5)
  2 water moccasins
  Duvessa (D:6)
  2 black bears
  4 orc warriors
  Pargi (D:3)
  An ice beast (D:6)
  3 sky beasts
  3 ogres
  2 phantoms (D:6)
  4 centaurs
  2 kobold brigands (D:6)
  Blork the orc (D:6)
  3 bullfrogs
  5 scorpions
  11 wights
  Dowan (D:6)
  7 killer bees (D:7)
  3 howler monkeys
  6 orc priests
  3 hounds
  3 jellies
  Jessica (D:3)
  Ijyb (D:4)
  3 iguanas
  8 orc wizards
  Terence (D:2)
  17 adders
  A shadow imp (D:7)
  2 ufetubi
  A worm (D:4)
  30 orcs
  2 bats (D:1)
  2 endoplasms
  4 giant cockroaches
  8 goblins
  7 hobgoblins
  4 jackals (D:1)
  13 kobolds
  2 quokkas
  5 ball pythons
  3 frilled lizards
  5 rats
209 creatures vanquished.

Vanquished Creatures (others)
  An orc wizard (D:8)
1 creature vanquished.

Grand Total: 210 creatures vanquished

Notes
Turn   | Place    | Note
-------+----------+-------------------------------------------
     0 | D:1      | qw the Gargoyle Fighter began the quest for the Orb.
     0 | D:1      | Reached XP level 1. HP: 14/14 MP: 1/1
     0 | D:1      | 0 ||| qw: Version: 0.2-a-102-gdf20003
     0 | D:1      | 0 ||| qw: Game counter: 905
     0 | D:1      | 0 ||| qw: Always use a shield: true
     0 | D:1      | 0 ||| qw: God list: Okawaru
     0 | D:1      | 0 ||| qw: Allow faded altars: false
     0 | D:1      | 0 ||| qw: Do Orc after D:15 true
     0 | D:1      | 0 ||| qw: Do second Lair branch before Depths: true
     0 | D:1      | 0 ||| qw: Lair rune preference: random
     0 | D:1      | 0 ||| qw: Plans: Normal, Zot:1-4, Slime:5, God:TSO, Crypt,
                  | Tomb, Pan, Hells, Abyss, Win
     0 | D:1      | 0 ||| PLANNING D:1-11
   115 | D:1      | 115 ||| Stepping ~*~*~tactically~*~*~ (stealth).
   126 | D:1      | Reached XP level 2. HP: 17/19 MP: 2/2
   631 | D:1      | 631 ||| READING scroll labelled SIYJALETHO.
   632 | D:1      | 632 ||| READING scroll labelled KAKKEDI VUKOL.
   633 | D:1      | 633 ||| READING scroll labelled QEF ANOPA DOASK.
   634 | D:1      | 634 ||| READING 2 scrolls labelled TEOSTR XEMPO.
   635 | D:1      | 635 ||| READING scroll of enchant weapon.
   635 | D:1      | 635 ||| ENCHANTING +1 war axe.
   636 | D:1      | 636 ||| DRINKING 2 clear potions.
   829 | D:2      | Reached skill level 3 in Axes
   893 | D:2      | 893 ||| Stepping ~*~*~tactically~*~*~ (hiding).
   900 | D:2      | Reached XP level 3. HP: 23/23 MP: 3/3
   916 | D:2      | 916 ||| Stepping ~*~*~tactically~*~*~ (stealth).
   918 | D:2      | 918 ||| Stepping ~*~*~tactically~*~*~ (hiding).
  1302 | D:2      | Reached XP level 4. HP: 24/28 MP: 4/4
  1328 | D:2      | Identified the +5 short sword of Obe Zeopn {drain, Int+5
                  | Dex+2}
  1375 | D:2      | Noticed Terence
  1380 | D:2      | Killed Terence
  1413 | D:2      | 1413 ||| DROPPING +0 whip.
  1499 | D:2      | 1499 ||| UPGRADING to +5 ring of evasion.
  1500 | D:2      | 1500 ||| READING scroll labelled VIM LOJAYCW.
  1556 | D:3      | Found a glowing silver altar of Zin.
  1634 | D:3      | 1634 ||| Stepping ~*~*~tactically~*~*~ (stealth).
  1637 | D:3      | 1637 ||| Stepping ~*~*~tactically~*~*~ (stealth).
  1741 | D:3      | 1741 ||| Stepping ~*~*~tactically~*~*~ (stealth).
  1824 | D:3      | Reached XP level 5. HP: 32/32 MP: 5/5
  1991 | D:3      | Noticed Jessica
  1991 | D:3      | Noticed Pargi
  1992 | D:3      | 1992 ||| Stepping ~*~*~tactically~*~*~ (hiding).
  2009 | D:3      | Killed Jessica
  2010 | D:3      | Reached skill level 1 in Throwing
  2017 | D:3      | Killed Pargi
  2018 | D:3      | Reached XP level 6. HP: 13/37 MP: 6/6
  2376 | D:3      | Found an iron altar of Okawaru.
  2377 | D:3      | 2377 ||| PLANNING OKAWARU WORSHIP
  2377 | D:3      | 2377 ||| DRINKING 2 fizzy black potions.
  2378 | D:3      | 2378 ||| DRINKING 2 golden potions.
  2379 | D:3      | 2379 ||| DROPPING potion of flight.
  2383 | D:3      | Became a worshipper of Warmaster Okawaru
  2383 | D:3      | 2383 ||| PLANNING D:1-11
  2392 | D:3      | Found a glowing golden altar of the Shining One.
  2458 | D:3      | Found a runed translucent door.
  2459 | D:3      | Noticed Crazy Yiuf
  2538 | D:3      | 2538 ||| DRINKING 2 bubbling sapphire potions.
  2585 | D:4      | 2585 ||| Stepping ~*~*~tactically~*~*~ (stealth).
  2643 | D:4      | Found an ancient bone altar of Kikubaaqudgha.
  2644 | D:4      | Noticed Sigmund
  2645 | D:4      | 2645 ||| Stepping ~*~*~tactically~*~*~ (hiding).
  2646 | D:4      | 2646 ||| Stepping ~*~*~tactically~*~*~ (hiding).
  2652 | D:4      | 2652 ||| DRINKING potion of curing.
  2652 | D:4      | 2652 ||| (to cure confusion)
  2655 | D:4      | Killed Sigmund
  2656 | D:4      | Reached XP level 7. HP: 43/43 MP: 7/7
  2724 | D:4      | Found a blossoming altar of Fedhas.
  2754 | D:4      | 2754 ||| Stepping ~*~*~tactically~*~*~ (stealth).
  2759 | D:4      | 2759 ||| UPGRADING to +0 pair of gloves.
  2764 | D:4      | 2764 ||| READING scroll of enchant armour.
  2764 | D:4      | 2764 ||| ENCHANTING +0 pair of gloves.
  3239 | D:4      | Noticed Ijyb
  3240 | D:4      | 3240 ||| Stepping ~*~*~tactically~*~*~ (hiding).
  3246 | D:4      | Killed Ijyb
  3370 | D:4      | Reached skill level 6 in Axes
  3507 | D:5      | Entered Level 5 of the Dungeon
  3612 | D:5      | 3612 ||| Stepping ~*~*~tactically~*~*~ (stealth).
  3667 | D:5      | Reached * piety under Okawaru
  3701 | D:5      | 3701 ||| INVOKING Heroism.
  3999 | D:5      | Reached skill level 1 in Invocations
  3999 | D:5      | Reached XP level 8. HP: 48/48 MP: 8/8
  4175 | D:5      | Noticed Pikel
  4176 | D:5      | 4176 ||| Stepping ~*~*~tactically~*~*~ (stealth).
  4177 | D:5      | 4177 ||| INVOKING Heroism.
  4182 | D:5      | Noticed Edmund
  4185 | D:5      | Killed Pikel
  4190 | D:5      | 4190 ||| INVOKING Heroism.
  4198 | D:5      | Killed Edmund
  4302 | D:5      | Noticed Prince Ribbit
  4310 | D:5      | 4310 ||| INVOKING Heroism.
  4314 | D:5      | Killed Prince Ribbit
  4315 | D:5      | Reached XP level 9. HP: 55/55 MP: 9/12
  4365 | D:5      | Reached ** piety under Okawaru
  4366 | D:5      | Reached skill level 6 in Fighting
  4542 | D:5      | 4542 ||| READING 2 scrolls labelled RELOAKKY DIUK.
  4543 | D:5      | 4543 ||| READING scroll labelled TOLONKI FELE.
  4544 | D:5      | 4544 ||| DROPPING scroll of magic mapping.
  4567 | D:6      | Found a hazy altar of Hepliaklqana.
  4600 | D:6      | 4600 ||| Stepping ~*~*~tactically~*~*~ (hiding).
  4611 | D:6      | 4611 ||| Stepping ~*~*~tactically~*~*~ (stealth).
  4640 | D:6      | 4640 ||| Stepping ~*~*~tactically~*~*~ (hiding).
  4757 | D:6      | Found a runed translucent gate.
  4757 | D:6      | Found a runed translucent gate.
  4757 | D:6      | Found a runed translucent gate.
  4760 | D:6      | Found a snail-covered altar of Cheibriados.
  4761 | D:6      | 4761 ||| Stepping ~*~*~tactically~*~*~ (hiding).
  4762 | D:6      | 4762 ||| INVOKING Heroism.
  4782 | D:6      | 4782 ||| INVOKING Heroism.
  4791 | D:6      | Reached skill level 9 in Axes
  4855 | D:6      | Noticed qw's ghost (novice GrFi)
  4864 | D:6      | 4864 ||| Stepping ~*~*~tactically~*~*~ (hiding).
  4866 | D:6      | 4866 ||| Stepping ~*~*~tactically~*~*~ (hiding).
  4867 | D:6      | 4867 ||| Stepping ~*~*~tactically~*~*~ (hiding).
  4947 | D:6      | 4947 ||| INVOKING Heroism.
  4955 | D:6      | Reached skill level 4 in Shields
  4976 | D:6      | Noticed Grinder
  4977 | D:6      | 4977 ||| Stepping ~*~*~tactically~*~*~ (hiding).
  4978 | D:6      | 4978 ||| Stepping ~*~*~tactically~*~*~ (stealth).
  4979 | D:6      | 4979 ||| Stepping ~*~*~tactically~*~*~ (hiding).
  4981 | D:6      | 4981 ||| INVOKING Heroism.
  4989 | D:6      | Killed Grinder
  5288 | D:6      | 5288 ||| INVOKING Heroism.
  5329 | D:6      | Noticed Duvessa
  5329 | D:6      | Noticed Dowan
  5330 | D:6      | 5330 ||| FLEEEEING.
  5331 | D:6      | 5331 ||| FLEEEEING.
  5332 | D:6      | 5332 ||| FLEEEEING.
  5333 | D:6      | 5333 ||| FLEEEEING.
  5334 | D:6      | 5334 ||| FLEEEEING.
  5335 | D:6      | 5335 ||| FLEEEEING.
  5336 | D:6      | 5336 ||| FLEEEEING.
  5337 | D:6      | 5337 ||| FLEEEEING.
  5338 | D:6      | 5338 ||| FLEEEEING.
  5339 | D:6      | 5339 ||| FLEEEEING.
  5340 | D:6      | 5340 ||| FLEEEEING.
  5344 | D:6      | 5344 ||| INVOKING Heroism.
  5354 | D:6      | Killed Duvessa
  5362 | D:6      | Killed Dowan
  5377 | D:6      | 5377 ||| INVOKING Heroism.
  5651 | D:6      | Noticed Blork the orc
  5652 | D:6      | 5652 ||| INVOKING Heroism.
  5660 | D:6      | Killed Blork the orc
  5661 | D:6      | Reached XP level 10. HP: 63/63 MP: 11/13
  5682 | D:6      | Found a shimmering blue altar of Sif Muna.
  5884 | D:6      | 5884 ||| UPGRADING to +0 tower shield.
  5894 | D:6      | 5894 ||| DROPPING +0 buckler.
  5895 | D:6      | 5895 ||| DROPPING ring of flight.
  6000 | D:7      | Found Pokauheu's Mayhem Merchandise.
  6070 | D:7      | 6070 ||| Stepping ~*~*~tactically~*~*~ (stealth).
  6079 | D:7      | Reached skill level 5 in Shields
  6094 | D:7      | 6094 ||| INVOKING Heroism.
  6098 | D:7      | Reached skill level 6 in Shields
  6108 | D:7      | 6108 ||| FLEEEEING.
  6109 | D:7      | 6109 ||| FLEEEEING.
  6110 | D:7      | 6110 ||| FLEEEEING.
  6112 | D:7      | 6112 ||| STAIRDANCE
  6197 | D:6      | 6197 ||| UPGRADING to +0 plate armour.
  6207 | D:6      | 6207 ||| DROPPING +0 scale mail.
  6208 | D:6      | 6208 ||| DRINKING 2 fizzy coppery potions.
  6209 | D:6      | 6209 ||| DRINKING 2 inky potions.
  6253 | D:6      | 6253 ||| DROPPING potion of brilliance.
  6291 | D:7      | Found a staircase to the Ecumenical Temple.
  6360 | D:7      | Identified the +5 mace "Qaesk" {spect, Will- Str+4 Dex+2}
  6362 | D:7      | 6362 ||| DROPPING +7 heavy flail.
  6736 | D:7      | 6736 ||| UPGRADING to +2 hat.
  6741 | D:7      | 6741 ||| READING 2 scrolls of identify.
  6741 | D:7      | 6741 ||| IDENTIFYING bubbling grey potion
  6772 | D:8      | 6772 ||| Stepping ~*~*~tactically~*~*~ (hiding).
  6779 | D:8      | Reached skill level 7 in Shields
  6783 | D:8      | 6783 ||| Stepping ~*~*~tactically~*~*~ (stealth).
  6785 | D:8      | 6785 ||| INVOKING Heroism.
  6820 | D:8      | 6820 ||| INVOKING Heroism.
  6886 | D:8      | 6886 ||| INVOKING Heroism.
  6984 | D:8      | 6984 ||| Stepping ~*~*~tactically~*~*~ (hiding).
  6987 | D:8      | 6987 ||| INVOKING Heroism.
  7008 | D:8      | Reached skill level 8 in Shields
  7061 | D:8      | Found a flagged portal.
  7208 | D:8      | Reached skill level 9 in Shields
  7248 | D:8      | 7248 ||| READING scroll of enchant weapon.
  7248 | D:8      | 7248 ||| ENCHANTING +2 war axe.
  7266 | D:8      | Found a sacrificial altar of Ru.
  7338 | D:8      | 7338 ||| READING scroll labelled TOCAPA MYQA.
  7372 | D:9      | 7372 ||| INVOKING Heroism.
  7485 | D:9      | Found an opulent altar of Gozag.
  7526 | D:9      | Noticed Maggie
  7536 | D:9      | Killed Maggie
  7537 | D:9      | Reached skill level 10 in Shields
  7599 | D:9      | Found a radiant altar of Vehumet.
  7707 | D:9      | 7707 ||| INVOKING Heroism.
  7853 | D:9      | Reached XP level 11. HP: 44/67 MP: 14/14
  7853 | D:9      | 7853 ||| INVOKING Heroism.
  7862 | D:9      | Reached skill level 11 in Shields
  7872 | D:9      | Reached *** piety under Okawaru
  7883 | D:9      | 7883 ||| INVOKING Heroism.
  7884 | D:9      | HP: 12/67 [wight/+4 morningstar (9)]
  7885 | D:9      | 7885 ||| READING 3 scrolls of teleportation.
  7886 | D:9      | 7886 ||| DRINKING potion of heal wounds.
  7892 | D:9      | 7892 ||| FLEEEEING.
  7893 | D:9      | 7893 ||| FLEEEEING.
  7897 | D:9      | 7897 ||| Stepping ~*~*~tactically~*~*~ (hiding).
  7916 | D:9      | 7916 ||| FLEEEEING.
  7919 | D:9      | 7919 ||| SWAPPING to +4 war axe.
  7944 | D:9      | 7944 ||| FLEEEEING.
  7945 | D:9      | 7945 ||| FLEEEEING.
  8062 | D:9      | 8062 ||| DROPPING +5 mace "Qaesk" {spect, Will- Str+4
                  | Dex+2}.
  8063 | D:9      | 8063 ||| DROPPING +3 war axe.
  8092 | D:9      | 8092 ||| Stepping ~*~*~tactically~*~*~ (hiding).
  8105 | D:9      | 8105 ||| FLEEEEING.
  8186 | D:9      | 8186 ||| INVOKING Heroism.
  8515 | D:9      | 8515 ||| READING scroll labelled COCHAPNECAGE.
  8515 | D:9      | Identified a scroll of acquirement
  8515 | D:9      | 8515 ||| ACQUIRING +1 buckler "Kuluzumo" {rCorr Str+3}
  8515 | D:9      | Acquired the +1 buckler "Kuluzumo" {rCorr Str+3}
  8517 | D:9      | 8517 ||| READING scroll labelled ROTODGH MOASOFI.
  8518 | D:9      | 8518 ||| READING 4 scrolls of identify.
  8518 | D:9      | 8518 ||| IDENTIFYING bubbling dark potion
  8519 | D:9      | 8519 ||| READING 3 scrolls of identify.
  8519 | D:9      | 8519 ||| IDENTIFYING fuming inky potion
  8520 | D:9      | 8520 ||| READING 2 scrolls of identify.
  8520 | D:9      | 8520 ||| IDENTIFYING fuming sapphire potion
  8521 | D:9      | 8521 ||| DROPPING potion of degeneration.
  8537 | D:10     | Entered Level 10 of the Dungeon
  8555 | D:10     | 8555 ||| INVOKING Heroism.
  8561 | D:10     | 8561 ||| Stepping ~*~*~tactically~*~*~ (stealth).
  8569 | D:10     | Noticed a two-headed ogre
  8579 | D:10     | 8579 ||| INVOKING Heroism.
  8584 | D:10     | Killed a two-headed ogre
  8584 | D:10     | Received a gift from Okawaru
  8585 | D:10     | Reached skill level 12 in Shields
  8638 | D:10     | Noticed a green ugly thing
  8639 | D:10     | 8639 ||| FLEEEEING.
  8640 | D:10     | 8640 ||| FLEEEEING.
  8645 | D:10     | 8645 ||| STAIRDANCE
  8760 | D:10     | Found a shadowy altar of Dithmenos.
  8769 | D:10     | 8769 ||| READING scroll of enchant weapon.
  8769 | D:10     | 8769 ||| ENCHANTING +4 war axe.
  8789 | D:10     | Noticed a death knight
  8790 | D:10     | Noticed a tengu warrior
  8793 | D:10     | Noticed an eight-headed hydra
  8794 | D:10     | 8794 ||| INVOKING Heroism.
  8802 | D:10     | 8802 ||| SWAPPING to +4 morningstar.
  8802 | D:10     | HP: 10/67 [death knight/+0 battleaxe (7)]
  8802 | D:10     | Shot with a bolt by a tengu warrior

Levels and vault maps discovered:
D:1:      tekkud_arrival_beachfront_property, layout_rooms
D:2:      minmay_wonky_spiral, layout_basic, chequers_serial_rivers_room_a,
          guppyfry_early_orc_mine, uniq_terence
D:3:      layout_loops_ring, mainiacjoe_overflow_big_doors,
          mainiacjoe_overflow_catwalk, uniq_jessica, uniq_pargi,
          uniq_crazy_yiuf_cottage
D:4:      layout_loops_ring, mainiacjoe_overflow_paths, fedhas_altar_1,
          minmay_fountain_box, kennysheep_diamond, grunt_ministairs_11,
          st_stairs_12, uniq_ijyb, uniq_sigmund
D:5:      layout_loops_corners, chequers_serial_rivers_small_a,
          hangedman_abyss_or_decor_jellyfish_corner, hangedman_decor_push,
          nicolae_half_adder, uniq_prince_ribbit1, uniq_edmund, uniq_pikel
D:6:      layout_loops_corners, tgw_sif, nzn_hepliaklqana_mist_gate,
          cheibriados_altar_1, gammafunk_ghost_icy, minmay_holes, uniq_grinder,
          uniq_duvessa
D:7:      kennysheep_spiral_hall, layout_basic,
          minmay_temple_entry_glassed_door, minmay_shop_mayhem
D:8:      layout_rooms, kennysheep_little_box, enter_bailey_2,
          nicolae_concentric_dashed_squares_mild
D:9:      layout_loops_ring, kennysheep_mini, fiery_altar_vehumet,
          roderic_malta_cross, uniq_maggie
D:10:     minmay_the_grid_four_pointed_star
          [minmay_the_grid_triangle_9x9_zippers_vertical,
          minmay_the_grid_triangle_9x9_corruption,
          minmay_the_grid_triangle_9x9_limited_checkers,
          minmay_the_grid_triangle_9x9_semitri,
          minmay_the_grid_prize_four_corners], layout_irregular_city,
          nicolae_dithmenos_the_darkroom, grunt_ministairs_13

Skill      XL: |  1  2  3  4  5  6  7  8  9 10 11 |
---------------+----------------------------------+-----
Axes           | 2 3 4 5 7 8 10 | 10.0
Throwing       | 1 |  1.6
Fighting       | 4 5 7 |  7.4
Dodging        | 2 |  2.6
Invocations    | 1 4 |  4.0
Shields        | 4 10 12 | 12.0
Armour         | 4 5 |  5.0

Action                     |  1- 3 |  4- 6 |  7- 9 | 10-12 || total
---------------------------+-------+-------+-------+-------++-------
  Melee: War axe           |    81 |    91 |   242 |   282 ||   696
  Throw: Boomerang         |     3 |       |    60 |    36 ||    99
         Javelin           |       |    13 |     2 |       ||    15
 Invoke: Heroism           |       |       |    12 |    13 ||    25
    Use: Scroll            |     5 |     1 |     3 |    10 ||    19
         Potion            |     1 |     4 |       |     3 ||     8
 Armour: Scale mail        |    44 |    53 |    75 |    29 ||   201
         Plate armour      |       |       |       |    70 ||    70
  Dodge: Dodged            |    35 |    79 |   120 |   110 ||   344
  Block: Buckler           |    14 |    17 |    34 |       ||    65
         Tower shield      |       |       |       |   192 ||   192

Table legend:
 A = Non-vault XP
 B = Vault XP
 C = Vault XP percentage of total XP
 D = Non-vault monster count
 E = Vault monster count
 F = Vault count percentage of total count
                 A         B        C        D         E       F
            +---------+---------+-------+---------+---------+-------
      Total |    9923 |    2935 |  22.8 |     175 |      35 |  16.7
            +---------+---------+-------+---------+---------+-------
        D:1 |      27 |       0 |   0.0 |      16 |       0 |   0.0
        D:2 |      26 |      60 |  69.8 |       9 |       9 |  50.0
        D:3 |      62 |     169 |  73.2 |      14 |       2 |  12.5
        D:4 |     238 |     293 |  55.2 |      14 |       7 |  33.3
        D:5 |     619 |    1100 |  64.0 |      11 |       8 |  42.1
        D:6 |    1553 |     569 |  26.8 |      36 |       4 |  10.0
        D:7 |     856 |     340 |  28.4 |      18 |       4 |  18.2
        D:8 |    1904 |       0 |   0.0 |      19 |       0 |   0.0
        D:9 |    2883 |     404 |  12.3 |      33 |       1 |   2.9
       D:10 |    1755 |       0 |   0.0 |       5 |       0 |   0.0
            +---------+---------+-------+---------+---------+-------
